 Dungeon Crawl Stone Soup version 0.27.1 (webtiles) character file.

Game seed: 8139822563258123569

4 Cij8 the Skirmisher (level 1, 0/11 HPs)
             Began as a Vine Stalker Fighter on Sept 2, 2021.
             Slain by an adder (2 damage)
             ... on level 2 of the Dungeon.
             The game lasted 00:00:56 (38 turns).

Cij8 the Skirmisher (Vine Stalker Fighter)            Turns: 38, Time: 00:00:57

Health: 0/11       AC:  6    Str: 18    XL:     1   Next: 70%
Magic:  0/2        EV:  7    Int:  8    God:
Gold:   0          SH:  9    Dex: 13    Spells: 0/0 levels left

rFire    . . .     SeeInvis .   a - +0 rapier
rCold    . . .     Faith    .   c - +0 kite shield
rNeg     . . .     Spirit   +   b - +0 scale mail
rPois    .         Reflect  .   (no helmet)
rElec    .         Harm     .   (no cloak)
rCorr    .         Rampage  .   (no gloves)
Will     .....                  (no boots)
Stlth    ..........             (no amulet)
HPRegen  0.03/turn              (no ring)
MPRegen  0.08/turn              (no ring)

@: lethally poisoned (0 -> -5)
A: fangs 2, magic shield, antimagic bite, no potion heal 2
a: no special abilities


You were on level 2 of the Dungeon.
You visited 1 branch of the dungeon, and saw 2 of its levels.

Inventory:

Hand Weapons
 a - a +0 rapier (weapon)
Armour
 b - a +0 scale mail (worn)
 c - a +0 kite shield (worn)
Potions
 d - a potion of might


   Skills:
 * Level 2.8 Fighting
 * Level 1.9 Short Blades
 + Level 2.4 Armour
 + Level 0.2 Stealth
 + Level 2.7 Shields


You couldn't memorise any spells.
You didn't know any spells.
Your spell library was empty.

Dungeon Overview and Level Annotations

Branches:
Dungeon (1/15)

Altars:

Shops:
D:1 (


Innate Abilities, Weirdness & Mutations

You have extremely sharp teeth.
When hurt, damage is shared between your health and your magic reserves.
Your bite disrupts and absorbs the magic of your enemies.
Potions cannot restore your health.


Message History

The bat hits you but does no damage. You block the bat's attack.
The bat hits you but does no damage.
You barely miss the bat. You block the bat's attack.
The bat hits you but does no damage.
You hit the hobgoblin.
You bite the hobgoblin, but do no damage.
The hobgoblin is heavily wounded.
The bat hits you but does no damage. x2; The hobgoblin completely misses you.
The bat hits you but does no damage. The hobgoblin barely misses you.
You puncture the hobgoblin!
You kill the hobgoblin!
You block the bat's attack. The bat hits you.
You puncture the bat!
You kill the bat!
You block the adder's attack.
You hit the adder but do no damage. Your bite misses the adder.
The adder bites you. You block the adder's attack.
You hit the adder. You bite the adder. You drain its power.
You feel invigorated.
The adder is moderately wounded.
The adder bites you but does no damage. You block the adder's attack.
You hit the adder but do no damage. Your bite misses the adder.
The adder is moderately wounded.
You block the adder's attack. The adder barely misses you.
You barely miss the adder. Your bite misses the adder.
The adder is moderately wounded.
You block the adder's attack.
You closely miss the adder. Your bite misses the adder.
The adder is moderately wounded.
The adder bites you.
You are lethally poisoned!
The adder poisons you! You block the adder's attack.
You are too injured to fight recklessly!
You are too injured to fight recklessly!
You hit the adder but do no damage. Your bite misses the adder.
The adder is moderately wounded.
* * * LOW HITPOINT WARNING * * *
You feel very sick. The adder bites you.
You die...

.# #.#
#.. #...
#...#
#..####
#....J###
#.rgS.#
#†..#@#
#.##.#.#
..# #....
#..
#..### ##
..## ####


You could see an adder, an endoplasm, a goblin and a rat.

Vanquished Creatures
  A bat (D:2)
  A hobgoblin (D:2)
  2 kobolds (D:2)
  A rat (D:2)
5 creatures vanquished.

Notes
Turn   | Place    | Note
-------+----------+-------------------------------------------
     0 | D:1      | Cij8 the Vine Stalker Fighter began the quest for the Orb.
     0 | D:1      | Reached XP level 1. HP: 11/11 MP: 2/2
    15 | D:1      | Found Ataoneta's Antique Weapon Shop.
    16 | D:1      | You fall into a shaft and drop 1 floor!
    38 | D:2      | Slain by an adder

Illustrated notes

Levels and vault maps discovered:
D:1:      erik_arrival_triangle_medium, layout_basic, serial_shops,
          nicolae_shop_overgrown_old_shop
D:2:      layout_loops_ring, shapermc_ecumenical_altar_mp_urbaneastern,
          minmay_vboxes, uniq_jessica

Action                   || total
-------------------------++-------
Melee: Rapier            ||    16
       Bite              ||     4
Armor: Scale mail        ||     9
Dodge: Dodged            ||     3
Block: Kite shield       ||    14
